Unix NetHack Version 5.0.0-0 post-release - last build Jun 10 2026 00:39:30 (3ee93aec679c4c4259841fe613dc97188e26a321,branch:main).

Game began 2026-06-22 05:26:56, ended 2026-06-22 06:48:00.

JohnDarcy, neutral male human Tourist

                            -------            -----
                            |.....|--     ------...|
                            |.o.o.+.|     |......`.|
                          --|.....|-|     |...`.`.%|
                          |.+.....+.|   ----.-------
                          |.|.....|-|  --.`.....`.|
                          |.|.....+.|  |........`.|
                          |.|.....|--  |.`.`...`..|
                          |.|------   --------`-----
                          |.|         |..d.........|
                          |.|         |.``@*..*..`.|
                          |.|         |----.--------
                          |.|         |.`...d.`.`.|
                          |.|         |.....).....|
                          |.|         ------.-------
                          |.----------------.......|
                          |.^^^^^^^^^^^^^^^^......>|
                          --------------------------
JohnDarcy the Excursionist  St:12 Dx:14 Co:15 In:15 Wi:11 Ch:15  Neutral
Dlvl:2  $:976 HP:0(57) Pw:38(38) AC:3  Xp:7 T:5155  Burdened

Latest messages:
 The dart hits the winter wolf cub.
 The winter wolf cub bites!
 Lurch bites the winter wolf cub.
 What do you want to throw? [$a or ?*] a
 In what direction? 8
 The dart misses the winter wolf cub.
 The winter wolf cub bites!
 Lurch picks up a scroll called scare monster.
 Lurch bites the winter wolf cub.
 The winter wolf cub is killed!
 The winter wolf cub breathes frost!
 The blast of frost hits you!
 The blast of frost bounces!
 Lurch eats a winter wolf cub corpse.
 Lurch looks quite warm.
 You see here 2 blessed +2 darts.
 Lurch drops a scroll called scare monster.
 You see here a scroll called scare monster.
 Lurch turns to flee.
 Lurch turns to flee.
 Lurch picks up a blessed +2 dart.
 The winter wolf cub turns to flee.
 What do you want to throw? [$a or ?*] a
 In what direction? 7
 The dart misses the winter wolf cub.
 What do you want to throw? [$a or ?*] a
 In what direction? 7
 The dart misses the winter wolf cub.
 The winter wolf cub turns to flee.
 The winter wolf cub breathes frost!
 The blast of frost hits the winter wolf cub.
 The blast of frost hits you!
 The blast of frost bounces!
 What do you want to throw? [$a or ?*] a
 In what direction? 7
 You kill the winter wolf cub!
 Lurch turns to flee.
 You see here 2 blessed +2 darts.
 You have a little trouble lifting a - 2 blessed +2 darts (at the ready) (21 in total).
 You see here a blessed +2 dart.
 The winter wolf cub bites!
 What do you want to throw? [$a or ?*] a
 In what direction? 7
 The dart hits the winter wolf cub.
 The winter wolf cub bites!
 Are you sure you want to pray? [yn] (n) y
 You begin praying to The Lady.
 The winter wolf cub bites!
 You die...
 Do you want your possessions identified? [ynq] (y) q

Inventory:
 Coins    ('$')
  $ - 976 gold pieces
 Weapons  (')')
  a - 20 blessed +2 darts (at the ready)
  s - the +0 Sting (weapon in right hand, flickering light blue)
 Armor    ('[')
  r - an uncursed rustproof +0 orcish helm (being worn)
  X - an uncursed +0 pair of iron shoes (being worn)
  Z - an uncursed +0 elven shield (being worn)
  i - an uncursed +0 Hawaiian shirt with a sea turtle motif (being worn)
  w - an uncursed +0 leather armor (being worn)
 Comestibles  ('%')
  j - an uncursed Pineapple
  e - 2 uncursed apples
  b - 5 uncursed food rations
  f - 5 uncursed tripe rations
 Scrolls  ('?')
  t - 2 uncursed scrolls of destroy armor
  P - a blessed scroll of earth
  Q - an uncursed scroll of earth
  L - an uncursed scroll of enchant armor
  H - an uncursed scroll of food detection
  F - a cursed scroll of identify
  h - 4 uncursed scrolls of magic mapping
  U - an uncursed scroll of remove curse
 Potions  ('!')
  l - a cursed potion of gain energy
  m - 4 uncursed potions of healing
  v - a cursed potion of sickness
 Rings    ('=')
  n - a cursed -1 ring of gain constitution
  D - an uncursed -1 ring of gain strength
  T - a cursed ring of hunger
  A - an uncursed ring of poison resistance
  z - an uncursed ring of polymorph control
  N - an uncursed ring of warning
 Wands    ('/')
  O - a wand of cold (0:0)
  E - a blessed wand of create monster (0:13)
  G - a wand of lightning (0:0)
  S - a wand of polymorph (0:4)
  B - a wand of sleep (0:2)
  o - a wand of teleportation (0:6)
 Tools    ('(')
  c - an expensive camera (0:9)
  W - an uncursed pair of lenses (being worn)
  p - a +0 pick-axe
  k - an uncursed skeleton key
  u - a cursed tin whistle

JohnDarcy the Tourist's attributes:

Background:
 You were an Excursionist, a level 7 male human Tourist.
 You were neutral, on a mission for The Lady
 who was opposed by Blind Io (lawful) and Offler (chaotic).
 You were right-handed.
 You were in Sokoban, on level 2.
 You entered the dungeon 5155 turns ago.
 You had 867 experience points, 413 more were needed to attain level 8.

Basics:
 You had 0 out of 57 hit points.
 You had all 38 energy points (spell power).
 Your armor class was 3.
 Your wallet contained 976 zorkmids.
 Autopickup was off.

Final Characteristics:
 Your strength was 12 (limit:18/100).
 Your dexterity was 14 (limit:18).
 Your constitution was 15 (limit:18).
 Your intelligence was 15 (limit:18).
 Your wisdom was 11 (limit:18).
 Your charisma was 15 (limit:18).

Final Status:
 You weren't hungry.
 You were burdened; movement was slightly slowed.
 You were wielding a dagger.
 You were unskilled in dagger.

Final Attributes:
 You were piously aligned.
 You were aware of the presence of orcs.
 You were warded.
 You were unlucky.
 You are dead.

Miscellaneous:
 You didn't encounter any bones levels.
 Total elapsed playing time was 1 hour, 21 minutes and 3 seconds.

Major events:
 Turn
    1: JohnDarcy the neutral male human Tourist entered the dungeon
  820: attained the rank of Sightseer (level 3)
 2481: entered Sokoban
 2940: completed 1st Sokoban level
 3743: completed 2nd Sokoban level
 3771: attained the rank of Excursionist (level 6)
 3841: chose a runed dagger to be named "Sting"
 4576: completed 3rd Sokoban level
 5155: killed by a winter wolf cub, while praying

You didn't know any spells.

Skills:
 Fighting Skills
   bare handed combat [Unskilled]
   two weapon combat  [Unskilled]
   riding             [Unskilled]
 Weapon Skills
   dagger             [Unskilled]
   knife              [Unskilled]
   axe                [Unskilled]
   pick-axe           [Unskilled]
   short sword        [Unskilled]
   broadsword         [Unskilled]
   long sword         [Unskilled]
   two-handed sword   [Unskilled]
   saber              [Unskilled]
   mace               [Unskilled]
   morning star       [Unskilled]
   flail              [Unskilled]
   hammer             [Unskilled]
   quarterstaff       [Unskilled]
   polearms           [Unskilled]
   spear              [Unskilled]
   trident            [Unskilled]
   lance              [Unskilled]
   bow                [Unskilled]
   sling              [Unskilled]
   crossbow           [Unskilled]
   dart               [Basic]
   shuriken           [Unskilled]
   boomerang          [Unskilled]
   whip               [Unskilled]
   unicorn horn       [Unskilled]
 Spellcasting Skills
   divination spells  [Unskilled]
   enchantment spells [Unskilled]
   escape spells      [Unskilled]

Voluntary challenges:
 Character rerolling was not enabled.
 You were vegetarian.
 You never genocided any monsters.
 You never polymorphed an object.
 You never changed form.
 You used no wishes.
 You violated the special Sokoban rules once.
Achievements:
 You attained the rank of Sightseer.
 You entered a shop.
 You entered Sokoban.
 You attained the rank of Excursionist.

 The Dungeons of Doom: levels 1 to 6
    Level 1:
       A fountain, a grave.
    Level 2:
       A fountain.
    Level 3:
    Level 4:
       A vegetarian food shop.
    Level 5:
       Many fountains.
       Oracle of Delphi.
    Level 6:
       Stairs up to Sokoban, level 5.
 Sokoban: levels 5 up to 2
    Level 2: <- You were here.
       Unsolved.
       Final resting place for
          you, killed by a winter wolf cub, while praying.
    Level 3:
       Solved.
    Level 4:
       Solved.
    Level 5:
       Solved.


Vanquished creatures:
  a giant mimic
  a tengu
  a leather golem
  a giant beetle
  2 winter wolf cubs
 an iron piercer
  a dwarf mummy
  3 lizards
  a jaguar
  a white unicorn
  a snake
  2 human zombies
  a Woodland-elf
  a wood nymph
 an orc shaman
  a rock piercer
  a rock mole
  a shrieker
  a gnome leader
  a gnomish wizard
  2 black naga hatchlings
  2 elf zombies
  3 dwarves
  a homunculus
  4 rothes
  2 rabid rats
  a centipede
  a giant bat
  5 orc zombies
  5 dwarf zombies
  2 iguanas
  2 coyotes
  a hobbit
  4 manes
  3 large kobolds
  2 yellow molds
  2 green molds
  a garter snake
  6 gnome zombies
  6 geckos
  7 jackals
  a kobold
  3 goblins
  2 grid bugs
 13 kobold zombies
  6 newts
111 creatures vanquished.

No species were genocided or became extinct.

Game over:
                       ----------
                      /          \
                     /    REST    \
                    /      IN      \
                   /     PEACE      \
                  /                  \
                  |    JohnDarcy     |
                  |      976 Au      |
                  |   killed by a    |
                  | winter wolf cub  |
                  |                  |
                  |                  |
                  |       2026       |
                 *|     *  *  *      | *
        _________)/\\_//(\/(/\)/\//\/|_)_______

Aloha JohnDarcy the Tourist...

You died in Sokoban on dungeon level 2 with 3808 points,
and 976 pieces of gold, after 5155 moves.
You were level 7 with a maximum of 57 hit points when you died.

